AoeStats
← 心念无我

Oasis

508867947Analyzed
2v2 RM · 9d ago on Sep 24, 2026· 31m 25s· 4 players
Game mode
Random Map
Map size
Medium (4 player)
Population
200
Speed
Normal
Resources
Standard
Victory
Conquest
Starting age
Dark Age
Ending age
Imperial Age
RankedLock teamsTeams togetherTeam positionsShared explorationLock speedFull tech treeHidden civsTurbo modeCheats
Victory
Defeat
🇫🇷 Franks · France
605
+11
🇦🇺 Byzantines · Australia
566
+11
🇨🇳 Bohemians · China
507
-12
🇹🇼 Teutons · Taiwan
451
-10
sean
13:08 Loom
15:09 Feudal Age
19:25 Wheelbarrow
18:37 Town Watch
18:47 Horse Collar
21:22 Gold Mining
24:20 Stone Mining
26:34 Castle Age
24:43 Double-Bit Axe
28:38 Stone Shaft Mining
29:01 Hand Cart
28:47 Town Patrol
29:14 Bow Saw
31:35 Heavy Plow
心念无我
13:11 Feudal Age
13:41 Double-Bit Axe
14:33 Wheelbarrow
15:16 Horse Collar
21:52 Castle Age
22:44 Bow Saw
23:19 Hand Cart
29:43 Arson
29:59 Squires
30:17 Pikeman
ToNi0
11:21 Feudal Age
10:10 Loom
14:25 Double-Bit Axe
22:49 Castle Age
22:12 Stone Mining
26:40 Bow Saw
26:26 Gold Mining
28:38 Fervor
Nanitolindo
1:25 Loom
13:40 Feudal Age
14:31 Double-Bit Axe
15:39 Horse Collar
22:34 Castle Age
22:46 Pikeman
23:26 Squires
27:49 Scale Mail Armor
27:52 Padded Archer Armor
Connection lost

Rejoining the realm…

Still unreachable

The connection could not be restored.

Session expired

The server has moved on; the page needs a fresh start.